 Dungeon Crawl Stone Soup version 0.29.0-5-ge4962eb29e (webtiles) character file.

Game seed: 11730311722749113635

496 Arcadio the Chopper (level 6, -5/84 HPs)
             Began as a Minotaur Berserker on Aug 28, 2022.
             Was a Believer of Trog.
             Slain by a gnoll sergeant
             ... wielding a +1 spear of venom
              (8 damage)
             ... on level 4 of the Dungeon.
             The game lasted 00:05:15 (3611 turns).

Arcadio the Chopper (Minotaur Berserker)            Turns: 3611, Time: 00:05:17

Health: -5/84      AC:  4    Str: 24    XL:     6   Next: 93%
Magic:  5/5        EV: 12    Int:  4    God:    Trog [**....]
Gold:   232        SH:  0    Dex:  9    Spells: 5/5 levels left

rFire   . . .      SeeInvis .   a - +0 hand axe
rCold   . . .      Faith    .   (no shield)
rNeg    . . .      Spirit   .   p - +0 leather armour
rPois   .          Reflect  .   m - +0 hat
rElec   .          Harm     .   (no cloak)
rCorr   .          Rampage  .   (no gloves)
Will    .....                   g - +0 pair of boots
Stlth   ..........              s - amulet of the acrobat
HPRegen 0.24/turn               (no ring)
MPRegen 0.09/turn               (no ring)

@: berserking (expiring), lethally poisoned (-5 -> -20), very quick
A: horns 2, retaliatory headbutt
a: Renounce Religion, Berserk, Trog's Hand


You were on level 4 of the Dungeon.
You worshipped Trog.
Trog was pleased with you.
You visited 1 branch of the dungeon, and saw 4 of its levels.

You collected 232 gold pieces.

Inventory:

Hand Weapons
 a - a +0 hand axe (weapon)
Armour
 b - a +0 animal skin
 g - a +0 pair of boots (worn)
 m - a +0 hat (worn)
 p - a +0 leather armour (worn)
Jewellery
 s - an amulet of the acrobat (around neck)
Scrolls
 d - 3 scrolls of vulnerability {unknown}
 e - a scroll of silence {unknown}
 f - a scroll of noise {unknown}
 i - 2 scrolls of fear {unknown}
 j - 4 scrolls of identify {unknown}
 l - a scroll of amnesia {unknown}
 n - a scroll of teleportation {unknown}
 q - a scroll of enchant weapon {unknown}
Potions
 c - a potion of haste {unknown}
 h - a potion of invisibility {unknown}
 k - a potion of brilliance {unknown}
 o - 5 potions of curing {unknown}
 r - a potion of heal wounds {unknown}


   Skills:
 + Level 5.6 Fighting
 + Level 5.7 Axes
 + Level 5.0 Armour
 + Level 4.4 Dodging


You had 5 spell levels left.
You didn't know any spells.
Your spell library was empty.

Dungeon Overview and Level Annotations

Branches:
Dungeon (4/15) Zot: 20364
 Temple: D:4-7

Altars:
Sif Muna


Innate Abilities, Weirdness & Mutations

You have a pair of horns on your head.
You reflexively headbutt those who attack you in melee.


Message History

The gnoll sergeant hits you with a +1 spear of venom.
* * * LOW HITPOINT WARNING * * *
You are more poisoned.
The gnoll misses you. The worm closely misses you.
You see here a +0 halberd.
You hit the gnoll.
You kill the gnoll!
Trog accepts your kill.
You barely miss the worm. You hit the gnoll sergeant.
* * * LOW HITPOINT WARNING * * *
You feel very sick.
Your Armour skill increases to level 5!
The gnoll sergeant blocks your attack.
The gnoll sergeant is heavily wounded.
You slash the worm!
* * * LOW HITPOINT WARNING * * *
You feel sick.
The gnoll sergeant completely misses you.
You barely miss the gnoll sergeant.
The gnoll sergeant is heavily wounded.
You slash the worm!
You kill the worm!
Trog accepts your kill.
* * * LOW HITPOINT WARNING * * *
You feel sick.
The gnoll sergeant hits you with a +1 spear of venom.
* * * LOW HITPOINT WARNING * * *
You are more poisoned.
You slash the gnoll sergeant!
The gnoll sergeant is severely wounded.
* * * LOW HITPOINT WARNING * * *
You feel very sick.
You are too berserk!
You hit the gnoll sergeant but do no damage.
Your headbutt misses the gnoll sergeant.
The gnoll sergeant is severely wounded.
* * * LOW HITPOINT WARNING * * *
You feel very sick.
The gnoll sergeant hits you with a +1 spear of venom!
You die...

#+##
##...##
##.....##
##.......##
#.......(.#
+).g......+
#<)@......#
##)).....##
##.....##
##...##
#+##


You could see a gnoll sergeant.

Vanquished Creatures
  Sigmund (D:2)
  Duvessa (D:4)
  Dowan (D:4)
  An orc priest (D:3)
  Robin (D:2)
  4 gnolls (D:4)
  2 adders (D:3)
  2 worms
  4 orcs (D:3)
  2 bats
  2 endoplasms
  5 giant cockroaches
  15 goblins
  7 hobgoblins
  7 jackals
  7 kobolds
  A quokka (D:3)
  7 ball pythons
  8 frilled lizards
  8 rats
86 creatures vanquished.

Notes
Turn   | Place    | Note
-------+----------+-------------------------------------------
     0 | D:1      | Arcadio the Minotaur Berserker began the quest for the Orb.
     0 | D:1      | Reached XP level 1. HP: 19/19 MP: 0/0
   420 | D:1      | Reached XP level 2. HP: 27/27 MP: 1/1
   725 | D:1      | Found a faded altar of an unknown god.
  1031 | D:1      | Reached XP level 3. HP: 26/33 MP: 2/2
  1209 | D:2      | Noticed Sigmund
  1222 | D:2      | Killed Sigmund
  1223 | D:2      | Reached XP level 4. HP: 34/41 MP: 3/3
  1223 | D:2      | Reached XP level 5. HP: 39/47 MP: 4/4
  1304 | D:2      | Reached ** piety under Trog
  1371 | D:2      | Noticed Robin
  1381 | D:2      | Killed Robin
  1382 | D:2      | Reached skill level 5 in Axes
  1937 | D:3      | Reached skill level 5 in Fighting
  2253 | D:3      | HP: 2/72 [orc priest/+0 hand axe (2)]
  2255 | D:3      | Reached XP level 6. HP: 3/56 MP: 5/5
  3574 | D:3      | Found a shimmering blue altar of Sif Muna.
  3594 | D:4      | Noticed Duvessa
  3594 | D:4      | Noticed Dowan
  3598 | D:4      | Killed Duvessa
  3601 | D:4      | Killed Dowan
  3608 | D:4      | Reached skill level 5 in Armour
  3611 | D:4      | HP: 3/84 [poisoned by a gnoll sergeant]
  3611 | D:4      | Slain by a gnoll sergeant

Illustrated notes

Levels and vault maps discovered:
D:1:      dpeg_arrival_pits, layout_loops_ring,
          shapermc_ecumenical_altar_flowoftime
D:2:      layout_rooms, minmay_tetromino_o2, uniq_sigmund, uniq_robin
D:3:      layout_loops_ring, lemuel_blue_sif_altar
D:4:      layout_loops_corners, lemuel_coloured_pillars_altar, bloody_trog,
          nicolae_uskayaw_en_pointe, portal_sewer_entry_b,
          kennysheep_generic_room_7, uniq_duvessa

Skill      XL: |  1  2  3  4  5  6 |
---------------+-------------------+-----
Axes           | 4 5 |  5.7
Fighting       | 4 5 |  5.6
Armour         | 3 4 5 |  5.0
Dodging        | 3 4 |  4.4

Action                   |  1- 3 |  4- 6 || total
-------------------------+-------+-------++-------
Melee: Hand axe          |    63 |   108 ||   171
       Headbutt          |     8 |    10 ||    18
       Punch             |       |     1 ||     1
Invok: Berserk           |       |     3 ||     3
 Stab: Sleeping          |       |     1 ||     1
Armor: Animal skin       |     9 |    14 ||    23
       Leather armour    |       |    11 ||    11
Dodge: Dodged            |    41 |    71 ||   112
